 Dungeon Crawl Stone Soup version 0.19.1-1-g22dce08 (webtiles) character file.

11867 Peloso the Carver (level 11, -9/97 HPs)
             Began as a Ghoul Gladiator on Dec 30, 2016.
             Was a High Priest of Okawaru.
             Mangled by a phantasmal warrior (22 damage)
             ... led by a death knight
             ... on level 10 of the Dungeon.
             The game lasted 00:46:21 (12251 turns).

Peloso the Carver (Ghoul Gladiator)                Turns: 12251, Time: 00:46:21

Health: -9/97      AC: 23    Str: 23    XL:     11   Next: 84%
Magic:  7/10       EV:  9    Int:  3    God:    Okawaru [*****.]
Gold:   600        SH:  0    Dex: 12    Spells: 0 memorised, 10 levels left

rFire  . . .     SeeInvis +     Y - +2 falchion (flame)
rCold  + . .     Gourm    .     y - +0 plate armour of the Manifold Eyes {*Contam rPois Str+3 SInv}
rNeg   + + +     Faith    .     (no shield)
rPois  ∞         Spirit   .     c - +0 helmet
rElec  .         Reflect  .     B - +1 cloak
rCorr  .         Harm     .     (no gloves)
MR     .....                    r - +0 pair of boots
Stlth  ..........               (no amulet)
                                k - +5 ring of protection
                                (no ring)

@: vulnerable, rotting
A: rotting body, claws 1, carnivore 3, cold resistance 1, negative energy
resistance 3, slow regeneration 1, torment resistance, unbreathing
a: Heroism, Finesse, Renounce Religion


You were on level 10 of the Dungeon.
You worshipped Okawaru.
Okawaru was extremely pleased with you.
You were not hungry.

You visited 1 branch of the dungeon, and saw 11 of its levels.
You also visited: Sewer.

You collected 600 gold pieces.

Inventory:

Hand Weapons
 a - a +1 long sword
 z - the +1 longbow of Superiority {flame, Int+4 Dex+2, unknown}
   (Okawaru gifted it to you on level 11 of the Dungeon)

   It causes projectiles fired from it to burn those they strike, causing extra
   injury to most foes and up to half again as much damage against particularly
   susceptible opponents.
   It affects your intelligence (+4).
   It affects your dexterity (+2).
 K - the +6 dagger "Losuifi" {pierce, Str+4 Dex+3}
   (You found it on level 7 of the Dungeon)

   It inflicts extra damage upon your enemies.
   It affects your strength (+4).
   It affects your dexterity (+3).
 Y - a +2 falchion of flaming (weapon)
Missiles
 d - 4 throwing nets (quivered)
Armour
 b - the +2 cloak of the Thief {+Fog Slay-2 SInv Stlth+}
   (You found it on level 10 of the Dungeon)

   It affects your accuracy and damage with ranged weapons and melee attacks
   (-2).
   It lets you see invisible.
   It can be evoked to emit clouds of fog.
   It makes you more stealthy.
 c - a +0 helmet (worn)
 r - a +0 pair of boots (worn)
 y - the +0 plate armour of the Manifold Eyes (worn) {*Contam rPois Str+3 SInv}
   (You found it on level 10 of the Dungeon)

   It affects your strength (+3).
   It protects you from poison.
   It lets you see invisible.
   It causes magical contamination when unequipped.
 B - a +1 cloak (worn)
 T - a +0 plate armour
Jewellery
 i - an uncursed amulet of the gourmand
 j - an uncursed ring of ice
 k - a +5 ring of protection (right claw)
 v - an uncursed amulet of magic regeneration
 F - an uncursed ring of poison resistance
 H - an uncursed ring of fire
 O - an uncursed ring of flight
Wands
 C - a wand of slowing (28/48)
 G - a wand of flame (25/48)
 I - a wand of random effects (13/48)
 L - a wand of lightning (6/15)
 S - a wand of digging (15/24)
 V - a wand of acid (7/15)
 Z - a wand of paralysis (12/24)
Scrolls
 n - 2 scrolls of fear
 o - 5 scrolls of recharging
 u - a scroll of teleportation
 D - 2 scrolls of enchant weapon
 M - a scroll of fog
 N - 2 scrolls of silence
 U - a scroll of identify
 X - a scroll of remove curse
Potions
 e - a potion of resistance
 g - a potion of heal wounds
 h - 9 potions of curing
 l - 4 potions of cure mutation
 m - 3 potions of might
 s - 3 potions of agility
 t - 3 potions of haste
 w - a potion of flight
 A - 2 potions of brilliance
 W - a potion of cancellation
Books
 q - a book of Cantrips

   Spells                             Type                      Level
   a - Confusing Touch                Hexes                        1
   b - Animate Skeleton               Necromancy                   1
   c - Summon Small Mammal            Summoning                    1
   d - Apportation                    Translocation                1
 x - a book of Callings

   Spells                             Type                      Level
   a - Summon Small Mammal            Summoning                    1
   b - Call Imp                       Summoning                    2
   c - Call Canine Familiar           Summoning                    3
   d - Summon Guardian Golem          Hexes/Summoning              3
   e - Summon Lightning Spire         Summoning/Air                4
   f - Summon Ice Beast               Ice/Summoning                4
 E - a Young Poisoner's Handbook

   Spells                             Type                      Level
   a - Sting                          Conjuration/Poison           1
   b - Mephitic Cloud                 Conjuration/Poison/Air       3
   c - Olgreb's Toxic Radiance        Poison                       4
   d - Alistair's Intoxication        Transmutation/Poison         5
   e - Venom Bolt                     Conjuration/Poison           5
 P - a book of Minor Magic

   Spells                             Type                      Level
   a - Magic Dart                     Conjuration                  1
   b - Blink                          Translocation                2
   c - Call Imp                       Summoning                    2
   d - Repel Missiles                 Charms/Air                   2
   e - Slow                           Hexes                        2
   f - Conjure Flame                  Conjuration/Fire             3
   g - Mephitic Cloud                 Conjuration/Poison/Air       3
Comestibles
 f - 9 meat rations
 p - 6 beef jerkies
 J - 9 slices of pizza


   Skills:
 + Level 9.2 Fighting
 + Level 12.6 Long Blades
 + Level 1.8 Throwing
 + Level 7.4 Armour
 + Level 4.6 Dodging
 + Level 1.3 Stealth
 + Level 1.2 Invocations


You had 10 spell levels left.
You didn't know any spells.

Dungeon Overview and Level Annotations

Branches:
Dungeon (11/15)            Temple (0/1) D:5            Lair (0/6) D:11
    Orc (0/2) D:10

Altars:
Ashenzari
Dithmenos
Elyvilon
Fedhas
Gozag
Makhleb
Nemelex Xobeh
Okawaru
Qazlal
Sif Muna
Uskayaw
Xom
Yredelemnul
Jiyva


Innate Abilities, Weirdness & Mutations

Your body is rotting away.
You thrive on raw meat.
You are immune to poison.
You have sharp fingernails.
You are carnivorous and can eat meat at any time.
Your flesh is cold resistant. (rC+)
You are immune to negative energy. (rN+++)
You regenerate slowly when monsters are visible.
You are immune to unholy pain and torment.
You can survive without breathing.


Message History

You completely miss the phantasmal warrior.
The phantasmal warrior hits you. The yak barely misses you.
Your plate armour of the Manifold Eyes prevents you from hitting the phantasmal warrior.
The phantasmal warrior closely misses you.
You riposte.
Your plate armour of the Manifold Eyes prevents you from hitting the phantasmal warrior.
You hit the phantasmal warrior but do no damage.
The yak gores you.
* * * LOW HITPOINT WARNING * * *
You hit the yak. You burn the yak.
The yak is almost dead.
The phantasmal warrior hits you!
* * * LOW HITPOINT WARNING * * *
The yak gores you.
* * * LOW HITPOINT WARNING * * *
Unknown command.
You hit the yak. You burn the yak.
The yak is almost dead.
The phantasmal warrior blinks!
The phantasmal warrior hits you!!
You die...

#########################
#####
...............Y@W§.....#
#....
............W.%########.#
#..## ...=).)........#
#.# #..# ...........>...#
#.# #..# ...............#
#.# #..# ...............#
#.# #..# ...............#
#.# #..# ...<..:........#
#.# #..# ..............>#
#.# #..#


You could see 2 phantasmal warriors and a yak.

Vanquished Creatures
  A death knight (D:10)
  Nergalle (D:11)
  3 hill giants (D:10)
  A cyclops (D:11)
  A kobold demonologist (D:11)
  3 trolls
  3 two-headed ogres
  Sigmund (D:2)
  5 yaks (D:11)
  4 hogs (D:7)
  A human (D:7)
  A hungry ghost (D:7)
  A mottled dragon (D:10)
  5 orc warriors
  2 black bears
  5 ice beasts
  3 sky beasts
  7 ogres
  2 centaurs
  3 necrophages
  2 big kobolds
  3 bullfrogs
  2 scorpions
  4 wights
  2 howler monkeys
  A bullfrog zombie (D:7)
  A centaur zombie (D:5)
  3 crimson imps
  A quasit (D:9)
  8 jellies
  4 centaur skeletons
  10 orc priests
  A gnoll shaman (D:8)
  5 hounds
  8 orc wizards
  3 bullfrog skeletons
  Jessica (D:4)
  5 iguanas
  Ijyb (D:3)
  14 worker ants
  Robin (D:2)
  2 howler monkey skeletons
  6 gnolls
  11 adders
  2 river rats (D:11)
  2 shadow imps
  2 oozes
  4 adder skeletons
  3 worms
  3 leopard geckos
  54 orcs
  6 ball pythons
  7 giant cockroaches
  29 goblins
  14 hobgoblins
  27 jackals
  2 quokkas
  23 bats
  6 frilled lizards
  A jackal zombie (D:7)
  24 kobolds
  A leopard gecko skeleton (D:4)
  A leopard gecko zombie (D:6)
  A quokka zombie (D:9)
  16 rats
380 creatures vanquished.

Vanquished Creatures (others)
  11 fungi (D:11)
  11 plants (D:11)
22 creatures vanquished.

Grand Total: 402 creatures vanquished

Notes
Turn   | Place    | Note
-------+----------+-------------------------------------------
     0 | D:1      | Peloso the Ghoul Gladiator began the quest for the Orb.
     0 | D:1      | Reached XP level 1. HP: 17/17 MP: 0/0
    45 | D:1      | Reached XP level 2. HP: 3/24 MP: 1/1
   144 | D:1      | Reached skill level 3 in Long Blades
   345 | D:1      | Reached XP level 3. HP: 24/30 MP: 2/2
  1118 | D:2      | Reached XP level 4. HP: 37/37 MP: 3/3
  1453 | D:2      | Reached skill level 1 in Armour
  1465 | D:2      | Noticed Sigmund
  1493 | D:2      | Killed Sigmund
  1493 | D:2      | Reached skill level 4 in Long Blades
  1493 | D:2      | Reached XP level 5. HP: 21/45 MP: 4/4
  1493 | D:2      | Reached XP level 6. HP: 23/51 MP: 5/5
  1959 | D:2      | Noticed Robin
  2053 | D:2      | Killed Robin
  2315 | D:3      | Found a white marble altar of Elyvilon.
  2511 | D:3      | Noticed Ijyb
  2532 | D:3      | Killed Ijyb
  2707 | D:3      | Found an iron altar of Okawaru.
  2710 | D:3      | Became a worshipper of Warmaster Okawaru
  3013 | D:4      | Reached skill level 5 in Long Blades
  3177 | D:4      | Reached XP level 7. HP: 33/58 MP: 6/6
  3546 | D:4      | You fall through a shaft for 3 floors!
  3580 | D:6      | Found a hide-covered altar of Uskayaw.
  3581 | D:6      | Noticed a hand axe
  3581 | D:6      | Noticed a hand axe
  3696 | D:6      | Reached * piety under Okawaru
  3696 | D:6      | Reached skill level 6 in Long Blades
  3762 | D:6      | Reached XP level 8. HP: 59/67 MP: 7/7
  3865 | D:6      | Found a glowing drain.
  3891 | Sewer    | Entered a sewer
  4268 | D:6      | Found a stormy altar of Qazlal.
  4282 | D:6      | Found a shimmering altar of Xom.
  4300 | D:6      | Reached ** piety under Okawaru
  4300 | D:6      | Reached skill level 7 in Long Blades
  4316 | D:6      | Reached skill level 5 in Fighting
  4418 | D:6      | Found a shattered altar of Ashenzari.
  4636 | D:5      | Entered Level 5 of the Dungeon
  4836 | D:5      | Reached skill level 8 in Long Blades
  4836 | D:5      | Reached XP level 9. HP: 17/74 MP: 8/8
  5537 | D:5      | Found a staircase to the Ecumenical Temple.
  5891 | D:4      | Noticed Jessica
  5899 | D:4      | Found a deep blue altar of Sif Muna.
  5917 | D:4      | Killed Jessica
  6198 | D:7      | Reached skill level 9 in Long Blades
  6218 | D:7      | Found a blossoming altar of Fedhas.
  6229 | D:7      | Reached *** piety under Okawaru
  6424 | D:7      | Found a shadowy altar of Dithmenos.
  6448 | D:7      | Found a burning altar of Makhleb.
  6813 | D:7      | Got an ancient dagger
  6816 | D:7      | Identified the +6 dagger "Losuifi" {pierce, Str+4 Dex+3} (You found it on level 7 of the Dungeon)
  6968 | D:7      | Reached skill level 5 in Armour
  6974 | D:7      | Reached XP level 10. HP: 35/84 MP: 9/9
  7031 | D:7      | Reached skill level 10 in Long Blades
  7586 | D:8      | Reached skill level 1 in Stealth
  7627 | D:8      | Found an opulent altar of Gozag.
  7643 | D:8      | Found a basalt altar of Yredelemnul.
  7958 | D:9      | Reached **** piety under Okawaru
  7958 | D:9      | Received a gift from Okawaru
  8159 | D:9      | Found a sparkling altar of Nemelex Xobeh.
  8473 | D:9      | Found a viscous altar of Jiyva.
  9013 | D:10     | Entered Level 10 of the Dungeon
  9013 | D:10     | Noticed a hill giant
  9245 | D:10     | Killed a hill giant
  9245 | D:10     | Reached ***** piety under Okawaru
  9245 | D:10     | Reached skill level 11 in Long Blades
  9390 | D:10     | Noticed a hill giant
  9491 | D:10     | Killed a hill giant
  9491 | D:10     | Reached XP level 11. HP: 8/95 MP: 8/10
 10056 | D:10     | Found a staircase to the Orcish Mines.
 10061 | D:10     | Got an ancient plate armour
 10089 | D:10     | Identified the cursed +0 plate armour of the Manifold Eyes {*Contam rPois Str+3 SInv} (You found it on level 10 of the Dungeon)
 10134 | D:10     | Received a gift from Okawaru
 10587 | D:10     | Noticed a hill giant
 10599 | D:10     | Killed a hill giant
 10910 | D:11     | Reached skill level 12 in Long Blades
 10977 | D:11     | Received a gift from Okawaru
 10995 | D:11     | Noticed Nergalle
 11005 | D:11     | Noticed a spectral orc warlord
 11030 | D:11     | Killed Nergalle
 11078 | D:11     | Got a brightly glowing longbow {god gift}
 11116 | D:11     | Found a staircase to the Lair.
 11398 | D:11     | Reached skill level 1 in Invocations
 11646 | D:11     | Noticed a cyclops
 11663 | D:11     | Killed a cyclops
 11841 | D:11     | Noticed a phantasmal warrior
 11846 | D:11     | Noticed a death knight
 11850 | D:11     | Noticed a phantasmal warrior
 11851 | D:11     | Noticed a skeletal warrior
 12223 | D:10     | Killed a death knight
 12251 | D:10     | Mangled by a phantasmal warrior

Skill      XL: |  1  2  3  4  5  6  7  8  9 10 11 |
---------------+----------------------------------+-----
Long Blades    | 3 4 5 6 8 9 11 12 | 12.6
Dodging        | 3 4 |  4.6
Armour         | 1 2 3 5 6 7 |  7.4
Fighting       | 3 4 5 6 8 9 |  9.2
Stealth        | 1 |  1.3
Invocations    | 1 |  1.2
Throwing       | |  1.8

Action                   |  1- 3 |  4- 6 |  7- 9 | 10-12 || total
-------------------------+-------+-------+-------+-------++-------
Melee: Long sword        |    88 |   232 |   586 |   675 ||  1581
       Falchion          |       |       |       |    45 ||    45
       Punch             |       |       |       |     2 ||     2
Invok: Heroism           |       |       |       |    11 ||    11
       Finesse           |       |       |       |     1 ||     1
  Use: Scroll            |     2 |     3 |     9 |    12 ||    26
       Potion            |       |       |     2 |     3 ||     5
  Eat: Chunk             |     6 |     5 |    45 |    41 ||    97
Armor: Leather armour    |    10 |       |       |       ||    10
       Scale mail        |    45 |   153 |       |       ||   198
       Chain mail        |       |       |   425 |   167 ||   592
       Plate armour      |       |       |       |   221 ||   221
Dodge: Dodged            |    82 |   160 |   298 |   294 ||   834
       Rpst.: Long sword |    30 |    42 |   105 |    65 ||   242
       Falchion          |       |       |       |     4 ||     4
